[Event "Early-Titled-Tuesday-Blitz-February-13-2024"]
[Site "Chess.com"]
[Date "2024.02.13"]
[Round "1"]
[White "MasterofMasters2006"]
[Black "Kostya0705"]
[Result "1/2-1/2"]
[WhiteElo "2265"]
[BlackElo "2609"]
[TimeControl "180+1"]
[EndTime "8:06:38 PST"]
[Termination "Game drawn by agreement"]

1. d4 Nf6 2. c4 e6 3. Nf3 d5 4.
Nc3 dxc4 5. e4 b5 6. e5 Nd5 7.
Nxb5 Nb6 8. Be2 Be7 9. O-O Nc6 10. Be3 Nb4 11. Qc1 Ba6 12. Na3 Nd3 13. Bxd3 cxd3 14. Rd1 Qd5 15. Qxc7 Bxa3 16. bxa3 O-O 17. Qc3 Rfc8 18. Qb3 Bc4 19. Qb4 Bxa2 20. Rxd3 Rc2 21. Rc3 Rxc3 22. Qxc3 Rc8 23. Qb2 Bc4 24. Nd2 Ba6 25. Rc1 Rd8 26. f3 Nd7 27. Ne4 Rb8 28. Qc3 Rb3 29. Qc6 Rxe3 30. Qxa6 Qxd4 31. Rc8+ Nf8 32.
Rxf8+ Kxf8 33. Qc8+ Ke7 34. Qc7+ Kf8 35. Qc8+ Ke7 36.
Qc7+ 1/2-1/2

[Event "Early-Titled-Tuesday-Blitz-February-13-2024"]
[Site "Chess.com"]
[Date "2024.02.13"]
[Round "1"]
[White "DvaHrasta"]
[Black "VladimirKramnik"]
[Result "0-1"]
[WhiteElo "2509"]
[BlackElo "2928"]
[TimeControl "180+1"]
[EndTime "8:06:39 PST"]
[Termination "VladimirKramnik won on time"]

1. c4 e5 2. g3 Nc6 3. Bg2 g6 4. Nc3 Bg7 5. Nf3 d6 6. O-O f5 7. d3 Nf6 8. Rb1 O-O 9. b4 a6 10. a4 h6 11. b5 axb5 12. axb5 Ne7 13. e4 g5 14. exf5 Bxf5 15. Ne1 Qc8 16. f4 exf4 17. gxf4 gxf4 18. Bxf4 Ng6 19. Bd2 Nh4 20. Nd5 Nxd5 21. Bxd5+ Kh7 22. Qh5 c6 23. Qxh4 cxd5 24. Bb4 Qe6 25.
Nf3 Qg6+ 26. Kh1 Bxd3 27. Rg1 Bxb1 28. Rxg6 Bxg6 29. Ng5+ Kg8 30. Bxd6 hxg5 31. Qxg5 Be4+ 0-1

[Event "Early-Titled-Tuesday-Blitz-February-13-2024"]
[Site "Chess.com"]
[Date "2024.02.13"]
[Round "1"]
[White "Aleksandar-Topalov"]
[Black "karinachess1"]
[Result "0-1"]
[WhiteElo "2353"]
[BlackElo "2684"]
[TimeControl "180+1"]
[EndTime "8:06:39 PST"]
[Termination "karinachess1 won by resignation"]

1. b3 e5 2. Bb2 Nc6 3. e3 g6 4. Bb5 Nge7 5. Nf3 Bg7 6. O-O O-O 7. d4 d6 8. dxe5 Nxe5 9. Nxe5 dxe5 10. Nc3 c6 11.
Bc4 Bf5 12. e4 Bd7 13. a4 Qc8 14. Qd6 Re8 15. Rfd1 Bg4 16. f3 Bh5 17. Qd7 g5 18.
Qxc8 Raxc8 19. g4 Bg6 20. Rd7 Rb8 21. Rad1 Nc8 22. a5 Bf8 23. Na4 b5 24. axb6 axb6 25. Ba6 b5 26. Bxc8 Rexc8 27. Nc3 Bc5+ 28. Kg2 Bd4 29. Ra1 Ra8 30. Rxa8 Rxa8 31. Rc7 b4 32.
Na4 Bxb2 33. Nxb2 Ra2 34. Nd3 Rxc2+ 35. Kg3 Rc3 36. Nxe5 Bxe4 37. Kf2 Bd5 38. Rb7 Rxb3 39. Rc7 Rc3 40. Rb7 b3 0-1

[Event "Early-Titled-Tuesday-Blitz-February-13-2024"]
[Site "Chess.com"]
[Date "2024.02.13"]
[Round "1"]
[White "Binary010"]
[Black "tantaan"]
[Result "1-0"]
[WhiteElo "2901"]
[BlackElo "2496"]
[TimeControl "180+1"]
[EndTime "8:06:40 PST"]
[Termination "Binary010 won by resignation"]

1. e4 c5 2. Nf3 e6 3. d4 cxd4 4. Nxd4 Nf6 5. Nc3 Nc6 6. Ndb5 Bc5 7. Bf4 O-O 8. Bc7 Qe7 9. Bd6 Bxd6 10. Qxd6 Qd8 11.
O-O-O a6 12. Nd4 Ne7 13. f3 b5 14. h4 Ne8 15. Qa3 Rb8 16. Nce2 d6 17. Kb1 b4 18.
Qe3 a5 19. h5 h6 20. g4 f6 21. Nf4 Qb6 22. Qb3 a4 23. Qxa4 e5 24. Qb3+ Kh8 25.
Nde6 Bxe6 26. Nxe6 Rg8 27. f4 Nc6 28. g5 exf4 29. Nxf4 fxg5 30. Ng6+ Kh7 31. Bc4 Nf6 32. Bxg8+ Rxg8 33. Rhf1 Nxe4 34. Qxg8+ 1-0

[Event "Early-Titled-Tuesday-Blitz-February-13-2024"]
[Site "Chess.com"]
[Date "2024.02.13"]
[Round "1"]
[White "rhungaski"]
[Black "WhiteKnight2612"]
[Result "0-1"]
[WhiteElo "2486"]
[BlackElo "2869"]
[TimeControl "180+1"]
[EndTime "8:06:40 PST"]
[Termination "WhiteKnight2612 won on time"]

1. e4 e5 2. Nf3 Nc6 3. d4 exd4 4. Nxd4 Bc5 5. Be3 Qf6 6. Nb5 Bxe3 7. fxe3 Qh4+ 8. g3 Qxe4 9. Nxc7+ Kd8 10. Nxa8 Qxh1 11.
Qg4 Nge7 12. Nc3 h5 13. Qxg7 Rg8 14. Qxf7 Qxh2 15. O-O-O Qxg3 16. Kb1 h4 17. Nb5 Qg6 18. Qf4 Qg3 19. Qc4 Qg4 20. Qd3 Qf5 21. Qd6 Qe5 22. Qd2 d5 23. Nac7 Bg4 24. Be2 Bxe2 25. Qxe2 Kc8 26.
Qf3 a6 0-1

[Event "Early-Titled-Tuesday-Blitz-February-13-2024"]
[Site "Chess.com"]
[Date "2024.02.13"]
[Round "1"]
[White "GaiozNigalidze"]
[Black "KanalSzachowy"]
[Result "1-0"]
[WhiteElo "2707"]
[BlackElo "2378"]
[TimeControl "180+1"]
[EndTime "8:06:44 PST"]
[Termination "GaiozNigalidze won by checkmate"]

1. d4 Nf6 2. c4 e6 3. Nf3 Bb4+ 4. Bd2 Qe7 5. e3 Nc6 6. Bd3 Bxd2+ 7. Nbxd2 d6 8. O-O O-O 9. a3 a5 10. Qc2 e5 11. d5 Nb8 12. b4 Na6 13. Rab1 Bg4 14. h3 Bxf3 15. gxf3 g6 16. Kh2 Nh5 17. Rg1 Kh8 18.
Rg2 f5 19. Qc3 f4 20. e4 b6 21. c5 axb4 22. axb4 bxc5 23. Bxa6 Rxa6 24. bxc5 Rfa8 25. Nc4 Ng7 26. Rb7 Ne8 27. cxd6 Nxd6 28. Nxe5 Ra3 29. Nf7+ Kg8 30. Nh6+ Kf8 31. Qh8# 1-0

[Event "Early-Titled-Tuesday-Blitz-February-13-2024"]
[Site "Chess.com"]
[Date "2024.02.13"]
[Round "1"]
[White "kingofthenil"]
[Black "saraswathii"]
[Result "1-0"]
[WhiteElo "2682"]
[BlackElo "2347"]
[TimeControl "180+1"]
[EndTime "8:06:44 PST"]
[Termination "kingofthenil won by resignation"]

1. e4 c5 2. b3 Nc6 3. Bb2 e6 4. g3 d5 5. Bg2 Nf6 6. exd5 exd5 7. Nf3 Bg4 8. O-O Bd6 9. Re1+ Kd7 10. h3 Be6 11. d4 cxd4 12. Nxd4 Re8 13. Nc3 Rc8 14. Ndb5 Bb4 15. a3 Bxc3 16. Nxc3 Kc7 17.
Qd2 Kb8 18. Rad1 Qd7 19. g4 Rcd8 20. Nb5 a6 21. Qf4+ Kc8 22. Nd4 Nxd4 23. Bxd4 Qd6 24.
Be5 Qe7 25. Re3 b5 26. Rc3+ Kb7 27. Rc7+ Qxc7 28. Bxc7 1-0

[Event "Early-Titled-Tuesday-Blitz-February-13-2024"]
[Site "Chess.com"]
[Date "2024.02.13"]
[Round "1"]
[White "ChEsper99"]
[Black "edgarhay012"]
[Result "0-1"]
[WhiteElo "2209"]
[BlackElo "2599"]
[TimeControl "180+1"]
[EndTime "8:06:44 PST"]
[Termination "edgarhay012 won on time"]

1. e4 c5 2. c3 e6 3. d4 cxd4 4.
cxd4 Nf6 5. Nc3 d6 6. Nf3 Nc6 7. Bd3 Be7 8. O-O O-O 9. a3 b6 10. e5 dxe5 11. dxe5 Nd5 12. Qe2 g6 13. Bd2 Bb7 14.
Rfd1 Qd7 15. Be4 Rfd8 16. Bh6 Nxc3 17. bxc3 Qe8 18. Ng5 Rxd1+ 19. Rxd1 Rd8 20. h4 Rxd1+ 21. Qxd1 Qd8 22. Qe2 Bxa3 23. f4 Bc1 24. g3 Qd2 25. Qg4 Qe1+ 26. Kg2 Ba6 27. h5 Be3 0-1

[Event "Early-Titled-Tuesday-Blitz-February-13-2024"]
[Site "Chess.com"]
[Date "2024.02.13"]
[Round "1"]
[White "HalfIsCrayfish"]
[Black "Fjal"]
[Result "1-0"]
[WhiteElo "2587"]
[BlackElo "2157"]
[TimeControl "180+1"]
[EndTime "8:06:44 PST"]
[Termination "HalfIsCrayfish won by resignation"]

1. d4 d6 2. c4 e5 3. Nf3 e4 4. Nfd2 f5 5. e3 Nf6 6. Nc3 g6 7. b3 Bg7 8. Bb2 O-O 9. Be2 c6 10. O-O Qe7 11. Qc2 Na6 12. a3 Nc7 13. b4 Bd7 14. a4 Rae8 15. b5 g5 16. Ba3 f4 17.
Kh1 c5 18. dxc5 dxc5 19. Bb2 b6 20. a5 Ng4 21. Bxg4 Bxg4 22. axb6 axb6 23. Ra7 f3 24. g3 Bf5 25. Nd5 Nxd5 26. Rxe7 Nxe7 27. Bxg7 Kxg7 28. Nb1 Rf6 29. Nc3 Rh6 30. Rd1 Ra8 31. Nd5 Nxd5 32. Rxd5 Ra1+ 33. Rd1 Rxd1+ 34. Qxd1 Re6 35. Qd5 Kg6 36.
Qd8 h5 37. h4 g4 38. Qg5+ Kf7 39. Qxf5+ Ke7 40. Qxh5 1-0

[Event "Early-Titled-Tuesday-Blitz-February-13-2024"]
[Site "Chess.com"]
[Date "2024.02.13"]
[Round "1"]
[White "Cheer_Down"]
[Black "Durarbayli"]
[Result "0-1"]
[WhiteElo "2512"]
[BlackElo "2940"]
[TimeControl "180+1"]
[EndTime "8:06:45 PST"]
[Termination "Durarbayli won on time"]

1. e4 c5 2. Nf3 d6 3. d4 cxd4 4. Nxd4 Nf6 5. Nc3 a6 6. Rg1 Nc6 7. Nb3 b5 8. g4 Bb7 9. g5 Nd7 10. Be3 b4 11. Nd5 e6 12. Nf4 a5 13. Bd3 g6 14. Qe2 Bg7 15. O-O-O a4 16. Nd2 b3 17. cxb3 axb3 18. a3 O-O 19. Kb1 Nb4 20. Nc4 d5 21.
Nd6 Nxd3 22. Qxd3 Ba6 23. Qd2 Ne5 24. Bc5 Nf3 25. Qe3 Nxg1 26. Rxg1 d4 27. Qd2 Qd7 28. Rc1 Rfd8 29. h4 Be5 0-1

[Event "Early-Titled-Tuesday-Blitz-February-13-2024"]
[Site "Chess.com"]
[Date "2024.02.13"]
[Round "1"]
[White "Ditman2007"]
[Black "margarita_2703"]
[Result "1-0"]
[WhiteElo "2675"]
[BlackElo "2348"]
[TimeControl "180+1"]
[EndTime "8:06:45 PST"]
[Termination "Ditman2007 won by resignation"]

1. e4 e5 2. Nf3 Nc6 3. Bb5 a6 4. Ba4 Nf6 5. O-O Nxe4 6. d4 b5 7. Bb3 d5 8. dxe5 Be6 9. c3 Bc5 10. Nbd2 O-O 11. Bc2 Nxf2 12. Rxf2 Bxf2+ 13. Kxf2 f6 14.
exf6 Qxf6 15. Kg1 Rae8 16. Nf1 Ne5 17. Be3 Nxf3+ 18. Qxf3 Qxf3 19. gxf3 Rxf3 20. Bd1 Rf6 21. Ng3 Bh3 22. Bd2 g6 23. Bb3 c6 24. Re1 Ref8 25. Bh6 Rd8 26. Bg5 Rdf8 27. Bxf6 Rxf6 28. Ne4 Re6 29.
Kf2 Kg7 30. Ng5 Rf6+ 31. Kg3 Kh6 32. Nxh3 1-0

[Event "Early-Titled-Tuesday-Blitz-February-13-2024"]
[Site "Chess.com"]
[Date "2024.02.13"]
[Round "1"]
[White "GMthekingindian"]
[Black "ChessQueen"]
[Result "0-1"]
[WhiteElo "2348"]
[BlackElo "2675"]
[TimeControl "180+1"]
[EndTime "8:06:46 PST"]
[Termination "ChessQueen won by resignation"]

1. e4 c6 2. c4 e5 3. Nf3 d6 4.
Nc3 Nf6 5. d4 Qc7 6. Be2 Be7 7.
O-O O-O 8. Qc2 Bg4 9. Rd1 Nbd7 10. Be3 Rfe8 11. Rac1 Bf8 12. d5 c5 13. Ne1 Bxe2 14.
Nxe2 a6 15. f3 g6 16. Nd3 Bg7 17.
b4 b6 18. Rb1 Reb8 19. Rb2 h6 20. Rdb1 g5 21. g4 Nf8 22. bxc5 dxc5 23. Ng3 Ng6 24. Nf5 Bf8 25. Qc3 Nd7 26. a4 Rb7 27. a5 Rab8 28.
axb6 Rxb6 29. Qa3 Rxb2 30. Rxb2 Rxb2 31. Qxb2 Nf4 32. Bxf4 gxf4 33. Kg2 f6 34. h4 Qb6 35. Qxb6 Nxb6 36. Nb2 a5 37. d6 Kf7 38. Kf2 Ke6 39. Ke2 a4 40. Nxa4 Nxa4 41. g5 fxg5 42. d7 Kxd7 43. hxg5 hxg5 44. Kf2 Nb2 45. Kg2 Nxc4 0-1

[Event "Early-Titled-Tuesday-Blitz-February-13-2024"]
[Site "Chess.com"]
[Date "2024.02.13"]
[Round "1"]
[White "EvgenyBurmakin"]
[Black "Andrey_Klymchuk"]
[Result "0-1"]
[WhiteElo "2421"]
[BlackElo "2752"]
[TimeControl "180+1"]
[EndTime "8:06:47 PST"]
[Termination "Andrey_Klymchuk won by resignation"]

1. e4 c5 2. Nc3 Nc6 3. Bb5 g6 4. Bxc6 bxc6 5. f4 Bg7 6. Nf3 d6 7. O-O Nh6 8. d3 O-O 9. Qe1 f5 10. e5 Qc7 11. Bd2 Nf7 12. Qh4 dxe5 13. fxe5 Nxe5 14. Nxe5 Bxe5 15. Rae1 Rb8 16. b3 Rb4 17. Qh3 Bg7 18. Na4 Qd6 19. Bxb4 cxb4 20. Qh4 Bd4+ 21.
Kh1 e5 22. Qg5 c5 23. Rf3 Bb7 24. Rh3 f4 25. Rf1 Rf7 26. Qg4 Kg7 27. Qh4 h5 28. Qg5 Rf5 29. Qh4 e4 30. dxe4 Bxe4 31. Rhf3 Bxf3 32. Rxf3 Qe5 33. Rf1 Qd5 34. Qe7+ Rf7 35. Qe8 f3 36. gxf3 Rxf3 0-1

[Event "Early-Titled-Tuesday-Blitz-February-13-2024"]
[Site "Chess.com"]
[Date "2024.02.13"]
[Round "1"]
[White "Fh2411"]
[Black "WiktoriaPOL"]
[Result "1-0"]
[WhiteElo "2627"]
[BlackElo "2273"]
[TimeControl "180+1"]
[EndTime "8:06:47 PST"]
[Termination "Fh2411 won by checkmate"]

1. d4 Nf6 2. c4 g6 3. Nc3 Bg7 4. Bg5 O-O 5. Nf3 d6 6. e3 Nbd7 7. Be2 e5 8. O-O h6 9. Bh4 c6 10.
Qc2 Qe7 11. Rfd1 e4 12. Nd2 g5 13. Bg3 d5 14. cxd5 cxd5 15. Nb5 Ne8 16. Nc7 Nxc7 17.
Qxc7 Re8 18. Rac1 f5 19. Bh5 Rd8 20. Bd6 Qf6 21. Nb1 Bf8 22. Be5 Nxe5 23. dxe5 Qe7 24.
Qxe7 Bxe7 25. Rc7 Kf8 26. Nc3 Be6 27. Nb5 Rd7 28. Nd4 Rxc7 29. Nxe6+ Kg8 30. Nxc7 Rc8 31.
Nxd5 Bc5 32. h3 Kf8 33. Nf6 Be7 34. Rd7 b5 35. Nd5 Bd8 36. e6 Rc1+ 37. Kh2 Ba5 38. e7+ Kg7 39. e8=Q# 1-0

[Event "Early-Titled-Tuesday-Blitz-February-13-2024"]
[Site "Chess.com"]
[Date "2024.02.13"]
[Round "1"]
[White "ViralduS"]
[Black "Shodikulov_Jamshid1990"]
[Result "0-1"]
[WhiteElo "2667"]
[BlackElo "2369"]
[TimeControl "180+1"]
[EndTime "8:06:48 PST"]
[Termination "Shodikulov_Jamshid1990 won by resignation"]

1. e4 c5 2. Nf3 d6 3. d4 cxd4 4.
Nxd4 Nf6 5. Nc3 a6 6. Bc4 e6 7. Bb3 b5 8. O-O Be7 9. Qf3 Qc7 10. Qg3 b4 11. Na4 Nxe4 12. Qxg7 Bf6 13. Qg4 Bb7 14.
Be3 Nd7 15. Nxe6 fxe6 16. Bxe6 Ne5 17. Qh5+ Ke7 18. Bh3 Rag8 19. Rad1 Ng5 20. Bxg5 Rxg5 21. Qe2 Bf3 22. Qe3 Bxd1 23. Rxd1 Qxc2 24. Rc1 Qxa4 25. Qa7+ Nd7 26. Bxd7 Qxd7 27. Rc7 Rd8 28. Rxd7+ Rxd7 29. Qxa6 Bxb2 30. f4 Bd4+ 31. Kf1 Rc5 32. Qd3 Bg7 33. Qxh7 Kf8 34. g4 Rc4 35. Qf5+ Rf7 36. Qe6 Rcxf4+ 37. Kg2 Rf2+ 38. Kh3 Be5 39. g5 Rh7+ 40. Kg4 Rf4+ 41. Kg3 Rf6+ 42. Qxe5 dxe5 43. gxf6 Kf7 0-1

[Event "Early-Titled-Tuesday-Blitz-February-13-2024"]
[Site "Chess.com"]
[Date "2024.02.13"]
[Round "1"]
[White "Practical-Play"]
[Black "mary-sanna"]
[Result "1-0"]
[WhiteElo "2584"]
[BlackElo "2165"]
[TimeControl "180+1"]
[EndTime "8:06:48 PST"]
[Termination "Practical-Play won by checkmate"]

1. d4 d5 2. Nc3 Nf6 3. Bf4 c5 4.
e4 dxe4 5. d5 Bg4 6. f3 exf3 7.
Nxf3 g6 8. Bb5+ Nbd7 9. h3 Bxf3 10. Qxf3 Bg7 11. a4 O-O 12. O-O Nb6 13. Rad1 Nh5 14. Be3 Qc7 15. d6 exd6 16. a5 Nd7 17.
Nd5 Qxa5 18. Bxd7 Bxb2 19. Bh6 Ng7 20. c3 Qd8 21. Rde1 Kh8 22. Bxg7+ Kxg7 23. Re7 Kg8 24. Qf6 c4 25. Be6 Bxc3 26. Bxf7+ Rxf7 27. Qxf7+ Kh8 28. Qxh7# 1-0

[Event "Early-Titled-Tuesday-Blitz-February-13-2024"]
[Site "Chess.com"]
[Date "2024.02.13"]
[Round "1"]
[White "isaak2009"]
[Black "Chernov_Alexander_A"]
[Result "1-0"]
[WhiteElo "2676"]
[BlackElo "2337"]
[TimeControl "180+1"]
[EndTime "8:06:49 PST"]
[Termination "isaak2009 won on time"]

1. e4 d6 2. d4 Nf6 3. Nc3 Nbd7 4. g3 e5 5. Nge2 c6 6. Bg2 b5 7. a3 a6 8. O-O Be7 9. h3 O-O 10. f4 Bb7 11. g4 Nb6 12. b3 Qc7 13. Kh1 Nfd7 14. Be3 f6 15. Ng3 g6 16. Qd2 Rf7 17.
Rad1 exd4 18. Bxd4 c5 19. Be3 Bf8 20. Bf3 Re8 21.
Kg2 b4 22. axb4 cxb4 23. Nce2 a5 24. Nd4 Ba6 25. Rfe1 Nc5 26. Bf2 Bb7 27. h4 Qb8 28.
Nb5 Nc8 29. g5 fxg5 30. hxg5 d5 31. e5 Ne6 32. Be3 Bc6 33. Nd4 Nxd4 34. Bxd4 1-0

[Event "Early-Titled-Tuesday-Blitz-February-13-2024"]
[Site "Chess.com"]
[Date "2024.02.13"]
[Round "1"]
[White "remuloaguiarfreitas"]
[Black "jk13"]
[Result "0-1"]
[WhiteElo "2304"]
[BlackElo "2651"]
[TimeControl "180+1"]
[EndTime "8:06:49 PST"]
[Termination "jk13 won by resignation"]

1. d4 Nf6 2. Bg5 Ne4 3. Bf4 Nc6 4. f3 Nf6 5. e4 d5 6. e5 Nd7 7. Be3 Nb6 8. Nd2 Bf5 9. h4 h6 10. g4 Bh7 11. Nb3 e6 12. Bd3 Bxd3 13. Qxd3 Be7 14.
Bf2 Nc4 15. O-O-O Nb4 16. Qe2 Nxa2+ 17. Kb1 Nb4 18. Nd2 Nxd2+ 19. Qxd2 Qd7 20. c3 Nc6 21. Ne2 Na5 22. Nc1 Qb5 23. Qc2 Nc4 24. Qb3 Qxb3 25. Nxb3 b6 26. Nd2 Nxd2+ 27. Rxd2 a5 28. f4 h5 29. g5 g6 30. Kc2 Kd7 31. Ra1 c5 32. Kd3 Kc6 33. b3 Ra6 34. c4 Rha8 35. Rc2 a4 36. cxd5+ Kxd5 37. bxa4 Rxa4 38. Rxa4 Rxa4 39. dxc5 bxc5 40. Be3 c4+ 41. Ke2 Bb4 42. Bd2 Bc5 43.
Bc3 Ke4 44. Bd2 Bd4 45. Bc1 c3 46. Kd1 Kd3 47. Rh2 Ra1 48. Rh3+ Kc4 49. Rh2 Be3 50. Rc2 Kd3 0-1

[Event "Early-Titled-Tuesday-Blitz-February-13-2024"]
[Site "Chess.com"]
[Date "2024.02.13"]
[Round "1"]
[White "temiksmozg"]
[Black "Maria_Severina"]
[Result "1-0"]
[WhiteElo "2595"]
[BlackElo "2152"]
[TimeControl "180+1"]
[EndTime "8:06:50 PST"]
[Termination "temiksmozg won by resignation"]

1. e4 e5 2. Nf3 Nc6 3. Bb5 a6 4. Ba4 Nf6 5. O-O Be7 6. Re1 b5 7. Bb3 O-O 8. a4 b4 9. a5 d6 10.
c3 Rb8 11. Bc4 Bb7 12. d4 exd4 13. cxd4 d5 14. exd5 Nxd5 15. Nbd2 Nf6 16. Nb3 Bd6 17. Bg5 h6 18. Bh4 Be7 19. Qd3 Re8 20. d5 Na7 21.
Rad1 Nb5 22. Ne5 Qc8 23. Nxf7 Nd6 24. Nxd6 cxd6 25. Nd4 Bxd5 26. Bxd5+ Nxd5 27. Qb3 Bxh4 28. Qxd5+ Kh8 29. Nf5 Bf6 30. Nxd6 Rxe1+ 31. Rxe1 Qf8 32. b3 Rd8 33. Nf7+ 1-0

[Event "Early-Titled-Tuesday-Blitz-February-13-2024"]
[Site "Chess.com"]
[Date "2024.02.13"]
[Round "1"]
[White "Korchmar_Vasiliy"]
[Black "EsmeraldasAnderson03"]
[Result "1-0"]
[WhiteElo "2733"]
[BlackElo "2404"]
[TimeControl "180+1"]
[EndTime "8:06:51 PST"]
[Termination "Korchmar_Vasiliy won by resignation"]

1. e4 c5 2. d4 cxd4 3. Qxd4 Nc6 4. Qd3 g6 5. Nc3 Bg7 6. Be2 Nf6 7. Nf3 d6 8. O-O O-O 9. Nd5 Nxd5 10. exd5 Ne5 11. Nxe5 Bxe5 12. c3 Bf5 13. Qb5 Qd7 14. a4 Rfc8 15.
Be3 a6 16. Qb3 Bf6 17. a5 Qd8 18. Ra2 Rab8 19. Ba7 Ra8 20. Be3 Rab8 21. h3 Bd7 22.
Bb6 Qf8 23. Ba7 Ra8 24. Qxb7 Qd8 25. Bb6 Rcb8 26. Qxa8 Rxa8 27. Bxd8 Rxd8 28. Bxa6 Ra8 29. Bb7 Ra7 30. a6 Bb5 31. Rc1 Bc4 32. Ra4 Bd3 33. b4 Bg5 34. Rca1 Bd2 35. b5 Bxb5 36. Rb4 Bxc3 37.
Rxb5 Bxa1 38. Rb4 Kg7 39. Rc4 Kf6 40. Rc6 Bd4 41. Kf1 h5 42. Ke2 Bc5 43. f3 Bg1 44. Kd3 Bc5 45. Kc4 Bg1 46. Kb5 Bf2 47. Rc2 Be3 48. Kc6 Kf5 49. Re2 Kf4 50. Kc7 e5 51. Kxd6 f5 52. Kc7 e4 53. fxe4 fxe4 54. d6 Bd4 55.
Rxe4+ Kf5 56. Rxd4 Ke6 57. d7 Kf5 58. d8=Q 1-0

[Event "Early-Titled-Tuesday-Blitz-February-13-2024"]
[Site "Chess.com"]
[Date "2024.02.13"]
[Round "1"]
[White "Zavgorodniy_Sergiy"]
[Black "lacafi"]
[Result "1-0"]
[WhiteElo "2599"]
[BlackElo "2211"]
[TimeControl "180+1"]
[EndTime "8:06:52 PST"]
[Termination "Zavgorodniy_Sergiy won by resignation"]

1. d4 f5 2. c4 Nf6 3. Nf3 g6 4. g3 Bg7 5. Bg2 O-O 6. O-O d6 7. Nc3 Nc6 8. d5 Na5 9. Qd3 c5 10. b3 a6 11. Rb1 Rb8 12. a4 Bd7 13. Nd2 Ng4 14. Qc2 b5 15. axb5 axb5 16. Nd1 bxc4 17. bxc4 Rxb1 18. Qxb1 Qc7 19. Qc2 Rb8 20. h3 Ne5 21. f4 Nf7 22. Bb2 Qb6 23. Bxg7 Kxg7 24. Qc3+ Kg8 25. Ne3 Qb4 26. Rc1 Nb3 27. Qxb4 Rxb4 28.
Nxb3 Rxb3 29. Kf2 Nd8 30. Ra1 Nb7 31. Bf1 Kf7 32. Ra2 e6 33. dxe6+ Bxe6 34. Bg2 h6 35. Ra7 Bc8 36. Nd5 Ke6 37. Nc7+ Kf6 38. Nb5 Be6 39. Rxb7 Bxc4 40. Nxd6 Rxb7 41. Nxb7 1-0

[Event "Early-Titled-Tuesday-Blitz-February-13-2024"]
[Site "Chess.com"]
[Date "2024.02.13"]
[Round "1"]
[White "Zheenbekov86"]
[Black "HamedWafa4"]
[Result "0-1"]
[WhiteElo "2419"]
[BlackElo "2747"]
[TimeControl "180+1"]
[EndTime "8:06:53 PST"]
[Termination "HamedWafa4 won on time"]

1. e4 e5 2. Nf3 Nc6 3. Bb5 a6 4. Ba4 Nf6 5. O-O Be7 6. Re1 b5 7. Bb3 O-O 8. h3 d6 9. c3 Nb8 10. d4 Nbd7 11. Nbd2 Bb7 12. Bc2 h6 13. Nf1 Re8 14.
Ng3 Bf8 15. a4 c5 16. d5 c4 17. Nf5 Kh7 18. g4 g6 19. Nxh6 Bxh6 20. g5 Bg7 21. gxf6 Bxf6 22. Nh2 Kg7 23. Ng4 Bg5 24. axb5 axb5 25.
Rxa8 Bxa8 26. Bd2 Rh8 27. Kg2 Bb7 28. Qc1 Bxd2 29. Qxd2 Qh4 30. Re3 Bc8 31. Rg3 Nf6 32. Nxf6 Bxh3+ 33. Kg1 Kxf6 34. Bd1 Bg4 35. Bf3 Bxf3 36.
Rxf3+ Kg7 37. Kf1 Qg4 38. Qe3 Rh1+ 39. Ke2 Qg1 40. Qd2 Qf1+ 41. Ke3 Qe1+ 42. Qxe1 Rxe1+ 43.
Kd2 Rxe4 44. Rh3 Rf4 45. Ke2 e4 46. Rh1 Rf5 47. Ke3 Rxd5 48. Kxe4 Rd2 0-1

[Event "Early-Titled-Tuesday-Blitz-February-13-2024"]
[Site "Chess.com"]
[Date "2024.02.13"]
[Round "1"]
[White "larsmandreassen"]
[Black "Yeritsyaan"]
[Result "0-1"]
[WhiteElo "2213"]
[BlackElo "2601"]
[TimeControl "180+1"]
[EndTime "8:06:53 PST"]
[Termination "Yeritsyaan won by resignation"]

1. d4 Nf6 2. Nf3 g6 3. Bg5 Bg7 4. Nc3 O-O 5. e4 d6 6. Qd2 c5 7.
O-O-O cxd4 8. Nxd4 Nc6 9. Nxc6 bxc6 10. f3 Rb8 11. Bc4 Qb6 12. Bb3 a5 13. Be3 Qb4 14. a3 Qb7 15. Na4 c5 16. Qxa5 Be6 17. Bxe6 fxe6 18.
b3 Nd7 19. Bd2 Ra8 20. Bc3 Rxa5 21. Bxa5 Ra8 22. Bc3 Bxc3 23. Nxc3 Rxa3 24. Kb2 Ra8 25. Ra1 Ne5 26. Rxa8+ Qxa8 27. Ra1 Qb7 28. Ra4 d5 29.
exd5 exd5 30. f4 Nc4+ 31. Kc1 Nd6 32. Ra5 d4 33. Na4 c4 34. Nc5 Qxg2 35. b4 c3 36.
Kb1 Nc4 37. Ra7 Ne3 0-1

[Event "Early-Titled-Tuesday-Blitz-February-13-2024"]
[Site "Chess.com"]
[Date "2024.02.13"]
[Round "1"]
[White "ChessBliss09"]
[Black "NelsonLinda"]
[Result "1/2-1/2"]
[WhiteElo "2120"]
[BlackElo "2564"]
[TimeControl "180+1"]
[EndTime "8:06:53 PST"]
[Termination "Game drawn by repetition"]

1. c4 b6 2. d4 Nf6 3. Nc3 Bb7 4.
Nf3 g6 5. Qc2 Bxf3 6. exf3 c5 7.
d5 Bg7 8. Be3 O-O 9. Bd3 e6 10.
dxe6 dxe6 11. Rd1 Qe7 12. O-O Nc6 13. Ne4 Nb4 14. Qb1 Nxd3 15. Rxd3 Rad8 16. Rfd1 h6 17.
Nxf6+ Qxf6 18. b3 Rxd3 19. Qxd3 Kh7 20. Qd7 Ra8 21. Qb7 Rd8 22. Rxd8 Qxd8 23. g3 Kg8 24. Qxa7 g5 25. Kg2 Qd6 26. Qa8+ Kh7 27. Qe4+ f5 28. Qc2 Kg8 29. Qd2 Qc6 30. Qd8+ Kh7 31. Qd1 Be5 32. h3 Kg6 33. Qd8 Bf6 34. Qg8+ Bg7 35.
Qd8 Bf6 36. Qg8+ Bg7 37. Qd8 Bf6 1/2-1/2

[Event "Early-Titled-Tuesday-Blitz-February-13-2024"]
[Site "Chess.com"]
[Date "2024.02.13"]
[Round "1"]
[White "ProfessorChess101"]
[Black "Real_taiatai"]
[Result "1-0"]
[WhiteElo "2822"]
[BlackElo "2455"]
[TimeControl "180+1"]
[EndTime "8:06:54 PST"]
[Termination "ProfessorChess101 won by resignation"]

1. e4 e5 2. Nf3 Nc6 3. Bb5 a6 4. Ba4 Nf6 5. O-O b5 6. Bb3 Bc5 7. d3 d6 8. Nc3 h6 9. a4 Rb8 10. Nd5 Be6 11. axb5 axb5 12. c3 Bxd5 13. exd5 Ne7 14.
d4 exd4 15. Nxd4 O-O 16. Qf3 Bxd4 17. cxd4 Nc8 18. Bd2 Nb6 19. Rac1 Ra8 20. h3 Re8 21. Rc6 Ra7 22. Rfc1 Re7 23. Kh2 Ne4 24. Be3 Qe8 25. Qg4 Nf6 26. Qf3 Ne4 27. Qf5 g6 28. Qf3 Kh7 29. Qf4 Qf8 30. f3 Qe8 31. fxe4 Kg8 32. Qxh6 Rxe4 33. Bg5 Rxd4 34. Bf6 1-0

[Event "Early-Titled-Tuesday-Blitz-February-13-2024"]
[Site "Chess.com"]
[Date "2024.02.13"]
[Round "1"]
[White "MyDream003"]
[Black "Chernyavsky_A"]
[Result "1-0"]
[WhiteElo "2715"]
[BlackElo "2381"]
[TimeControl "180+1"]
[EndTime "8:06:54 PST"]
[Termination "MyDream003 won by resignation"]

1. Nf3 Nf6 2. c4 g6 3. Nc3 Bg7 4. d4 O-O 5. g3 d6 6. Bg2 Nc6 7.
O-O a6 8. b3 Rb8 9. Bb2 b5 10.
cxb5 axb5 11. e3 b4 12. Ne2 Na7 13. Ne1 Bb7 14. Bxb7 Rxb7 15. Nd3 Qd7 16. Kg2 Ra8 17. Qc2 Nb5 18. Nxb4 Nxd4 19. Nxd4 Rxb4 20. Qc6 Qc8 21.
Rfc1 Ne8 22. a3 Rb6 23. Qxb6 cxb6 24. Rxc8 Rxc8 25. a4 Bxd4 26. Bxd4 Rc6 27. b4 e5 28. b5 Rc4 29. Bxb6 Rb4 30. Bd8 Ng7 31. b6 Ne6 32. a5 Nxd8 33. a6 1-0

[Event "Early-Titled-Tuesday-Blitz-February-13-2024"]
[Site "Chess.com"]
[Date "2024.02.13"]
[Round "1"]
[White "ChainedDowntohell"]
[Black "akanga001"]
[Result "0-1"]
[WhiteElo "2543"]
[BlackElo "2004"]
[TimeControl "180+1"]
[EndTime "8:06:54 PST"]
[Termination "akanga001 won by resignation"]

1. d4 d5 2. Nf3 Nf6 3. Bf4 Bf5 4. e3 e6 5. c4 Bxb1 6. Qxb1 Bb4+ 7.
Kd1 Bd6 8. Bg5 c6 9. c5 Be7 10. Bd3 Nbd7 11. b4 h6 12. Bh4 Nh5 13. Bg3 Nxg3 14. hxg3 Bf6 15. e4 dxe4 16. Bxe4 e5 17. Qb3 exd4 18. Kd2 O-O 19. g4 Re8 20. Bc2 Ne5 21.
Nxe5 Rxe5 22. Qd3 g6 23. Raf1 Qe7 24. Qc4 Kg7 25. Bd3 a5 26. a3 axb4 27. axb4 Ra3 28. g3 Rc3 29. Qa2 Qd7 30. Re1 Qxg4 31. Rxe5 Bxe5 32.
Re1 Qf3 33. Qb1 Qxf2+ 34. Re2 Qxg3 35. Re4 Bf4+ 36. Kd1 Rxd3+ 0-1